 Dungeon Crawl Stone Soup version 0.19-b1-4-gd8a0a2a (webtiles) character file.

135 sugabear the Ruffian (level 4, 0/35 HPs)
             Began as a Draconian Transmuter on Oct 30, 2016.
             Slain by a gnoll
             ... wielding a +0 whip
              (3 damage)
             ... on level 3 of the Dungeon.
             The game lasted 00:03:29 (2701 turns).

sugabear the Ruffian (Draconian Transmuter)         Turns: 2701, Time: 00:03:30

Health: 0/35       AC:  6    Str: 13    XL:     4   Next: 97%
Magic:  8/8        EV: 12    Int: 14    God:
Gold:   115        SH:  0    Dex: 11    Spells: 1 memorised, 8 levels left

rFire  . . .     SeeInvis .       - Unarmed
rCold  . . .     Gourm    .     (armour unavailable)
rNeg   . . .     Faith    .     (no shield)
rPois  .         Spirit   .     (helmet restricted)
rElec  .         Reflect  .     n - +0 cloak
rCorr  .         Harm     .     (no gloves)
MR     .....                    (boots currently unavailable)
Stlth  +.........               (no amulet)
                                (no ring)
                                (no ring)

@: appendage
A: unfitting armour, talons 3, cold-blooded, AC +5
a: End Transformation


You were on level 3 of the Dungeon.
You were not hungry.
You had grown temporary talons.
You visited 1 branch of the dungeon, and saw 3 of its levels.

You collected 115 gold pieces.

Inventory:

Missiles
 a - 12 arrows
Armour
 n - a +0 cloak (worn)
Scrolls
 e - 2 scrolls of identify {unknown}
 g - a scroll of immolation {unknown}
 h - 4 scrolls of remove curse {unknown}
 i - a scroll of blinking {unknown}
 j - 2 scrolls of fear {unknown}
 p - a scroll of teleportation {unknown}
Potions
 d - a potion of invisibility {unknown}
 k - 2 potions of curing {unknown}
 l - a potion of mutation {unknown}
 m - a potion of brilliance {unknown}
 q - a potion of cancellation {unknown}
Books
 b - a book of Changes

   Spells                             Type                      Level
   a - Beastly Appendage              Transmutation                1
   b - Sticks to Snakes               Transmutation                2
   c - Spider Form                    Transmutation/Poison         3
   d - Ice Form                       Ice/Transmutation            4
   e - Blade Hands                    Transmutation                5
Comestibles
 c - a bread ration
 f - a beef jerky
 o - a slice of pizza
 r - a fruit
 s - 13 chunks of flesh


   Skills:
 + Level 1.2 Fighting
 + Level 2.5 Dodging
 + Level 0.4 Stealth
 + Level 3.9 Unarmed Combat
 + Level 3.1 Spellcasting
 + Level 2.8 Transmutations


You had 8 spell levels left.
You knew the following spells:

 Your Spells              Type           Power        Failure   Level  Hunger
a - Beastly Appendage     Tmut           ##....       10%         1    #......


Dungeon Overview and Level Annotations

Branches:
Dungeon (3/15)

Altars:


Innate Abilities, Weirdness & Mutations

Your plain brown scales are hard. (AC +5)
You cannot fit into any form of body armour.
You are cold-blooded and may be slowed by cold attacks.
You have claws for feet.


Message History

You punch the gnoll!
You kill the gnoll!
Unknown command.
The gnoll hits you with a whip.
* * * LOW HITPOINT WARNING * * *
Things that are here:
a flail; a gnoll corpse You barely miss the gnoll.
Your kick misses the gnoll.
Your tail-slap misses the gnoll.
The gnoll closely misses you.
Unknown command.
Unknown command.
Unknown command.
You hit the gnoll.
The gnoll is moderately wounded.
The gnoll hits you with a whip.
* * * LOW HITPOINT WARNING * * *
You hit the gnoll but do no damage.
The gnoll is moderately wounded.
The gnoll hits you with a whip.
You die...

##<†....#
#..##..#
##.....#
#..##.#
#..#
#..##
#...#
#g#.#
#@#...
#.##.?#
#.# ..#
#.# .>#
#.. ..
#.# ###


You could see a gnoll.

Vanquished Creatures
  Robin (D:3)
  3 gnolls (D:3)
  4 adders (D:2)
  3 worms (D:2)
  A dart slug (D:1)
  2 leopard geckos
  2 bats
  11 goblins
  5 hobgoblins (D:2)
  4 jackals (D:2)
  A quokka (D:2)
  A frilled lizard (D:2)
  6 kobolds
  5 rats
49 creatures vanquished.

Notes
Turn   | Place    | Note
-------+----------+-------------------------------------------
     0 | D:1      | sugabear the Draconian Transmuter began the quest for the Orb.
     0 | D:1      | Reached XP level 1. HP: 16/16 MP: 3/3
   464 | D:1      | Reached XP level 2. HP: 23/23 MP: 3/5
  1189 | D:2      | Reached XP level 3. HP: 25/28 MP: 4/6
  2113 | D:2      | Reached XP level 4. HP: 26/35 MP: 8/8
  2536 | D:3      | Noticed Robin
  2664 | D:3      | Killed Robin
  2701 | D:3      | Slain by a gnoll

Skill      XL: |  1  2  3  4 |
---------------+-------------+-----
Dodging        | 2 |  2.5
Spellcasting   | 3 |  3.1
Fighting       | |  1.2
Stealth        | |  0.4
Unarmed Combat | |  3.9
Transmutations | |  2.8

Action                   |  1- 3 |  4- 6 || total
-------------------------+-------+-------++-------
Melee: Unarmed           |   141 |    87 ||   228
       Tailslap          |     8 |     7 ||    15
       Kick              |     7 |     5 ||    12
       Headbutt          |     7 |     4 ||    11
       Punch             |       |     1 ||     1
 Cast: Beastly Appendage |    20 |    11 ||    31
  Eat: Chunk             |     4 |     2 ||     6
Armor: Skin              |    36 |    33 ||    69
Dodge: Dodged            |    78 |    82 ||   160
